Map: Ley Lines

Players

KimChiLoVer - Winner!

  • Race: Terran Terran
  • Spawn Location: 7:00

A.I. 1 (Elite)

  • Race: Terran Terran
  • Spawn Location: 1:00

VOD

Have the link to the VOD?

Description

Time

  • Played on: Aug. 9, 2025, 12:13 p.m.
  • Length: 9:27
Show
View Real Time Build Order
Export as new Build Order

KimChiLoVer Terran - Winner!

Build Orders: Reaper Expand 

Get SALT Encoding   

  12  0:00  SCV  
  13  0:13  SCV  
  14  0:16  Supply Depot  
  14  0:25  SCV  
  15  0:38  SCV  
  15  0:40  Barracks  
  16  0:45  Refinery  
  16  0:50  SCV  
  17  1:02  SCV  
  18  1:16  SCV  
  19  1:28  Orbital Command  
  19  1:29  Reaper  
  20  1:39  Command Center  
  20  1:50  Supply Depot  
  20  1:54  SCV  
  21  2:04  Factory, Marine  
  22  2:10  SCV  
  22  2:13  Refinery  
  23  2:21  Barracks  
  23  2:22  SCV  
  24  2:34  Barracks Reactor, SCV  
  24  2:35  Barracks  
  25  2:48  SCV  
  25  2:50  Factory Tech Lab  
  26  2:53  Orbital Command  
  26  2:58  Orbital Command  
  26  3:00  SCV  
  27  3:16  Command Center  
  27  3:25  SCV  
  28  3:28  Stimpack  
  28  3:29  Marine x2  
  31  3:34  SCV  
  31  3:41  Factory Reactor  
  31  3:42  Starport  
  31  3:48  Marine x3  
  34  3:49  SCV  
  35  3:56  Supply Depot  
  35  3:58  Marine  
  36  4:07  Supply Depot  
  36  4:08  Engineering Bay  
  36  4:11  Engineering Bay, SCV  
  36  4:14  SCV  
  38  4:23  SCV  
  39  4:31  Orbital Command  
  39  4:32  Medivac x2  
  39  4:38  SCV  
  44  4:42  Terran Infantry Weapons Level 1  
  44  4:44  Factory Tech Lab, Terran Infantry Armor Level 1  
  44  4:46  SCV  
  44  4:47  Marine  
  44  4:48  Marine  
  44  4:50  SCV  
  48  4:57  Armory  
  48  5:01  Barracks  
  48  5:02  SCV  
  48  5:03  SCV  
  50  5:10  Barracks  
  50  5:17  Marine x2  
  50  5:18  Marine  
  50  5:20  Barracks Tech Lab  
  50  5:21  Combat Shield  
  53  5:25  SCV x3  
  56  5:29  Refinery  
  56  5:35  Marine x3  
  56  5:37  SCV  
  56  5:39  SCV  
  56  5:40  SCV  
  62  5:45  Siege Tank  
  62  5:49  SCV  
  66  5:51  SCV  
  66  5:52  Refinery, SCV  
  66  5:53  Marine x3  
  66  5:55  Supply Depot  
  71  5:58  Supply Depot  
  71  6:00  Concussive Shells  
  71  6:02  Barracks Tech Lab, Barracks Reactor  
  71  6:03  SCV  
  72  6:06  SCV x2  
  74  6:11  Orbital Command  
  74  6:12  Medivac, Supply Depot  
  74  6:15  Marine x3  
  79  6:24  Marine, Marauder  
  82  6:33  Marine x3  
  82  6:36  Terran Infantry Weapons Level 2  
  85  6:40  Terran Infantry Armor Level 2  
  85  6:42  Marine x3  
  85  6:45  Marine  
  89  6:50  Barracks  
  89  6:51  SCV, Marine x2, Barracks  
  89  6:53  SCV  
  93  6:54  Barracks  
  93  7:03  SCV  
  93  7:07  Marine x3, Marauder x2  
  93  7:08  Medivac  
  103  7:11  Marine x2  
  105  7:21  Terran Vehicle And Ship Armor Level 1  
  105  7:25  Marine x2, Marauder  
  109  7:34  Supply Depot  
  109  7:35  Supply Depot  
  109  7:38  SCV, Marine x2, Supply Depot  
  109  7:39  Marauder  
  109  7:40  Supply Depot  
  109  7:41  Barracks Tech Lab  
  109  7:42  Barracks Reactor  
  114  7:48  Factory Tech Lab  
  114  7:55  Marauder x2, Marine x3  
  114  7:56  Marine x2  
  122  7:59  Marine  
  102  8:13  Marine x3  
  102  8:14  Marine x2  
  102  8:16  Marine  
  105  8:31  Refinery x2  
  105  8:32  Marauder x3, Marine  
  105  8:33  Marauder, Marine x5, Command Center  
  117  8:34  Marauder  
  116  8:47  Siege Tank  
  119  8:50  Marine  
  119  8:51  Marine x3  
  119  8:53  Supply Depot  
  119  8:54  Marauder x2  
  127  8:56  Supply Depot  
  127  9:04  Marine x2, Marauder  
Show
View Real Time Build Order
Export as new Build Order

A.I. 1 (Elite) Terran 

Build Orders: 2 Factory 

Get SALT Encoding   

  12  0:00  SCV  
  13  0:13  SCV  
  14  0:19  Supply Depot  
  14  0:25  SCV  
  15  0:40  SCV  
  16  0:42  Barracks  
  16  0:53  SCV  
  17  1:05  SCV  
  18  1:16  Supply Depot  
  18  1:17  SCV  
  19  1:22  Refinery  
  19  1:29  SCV  
  19  1:30  Marine  
  21  1:41  SCV  
  22  1:47  Marine  
  22  1:49  Refinery  
  22  1:53  SCV  
  24  2:05  Marine, SCV  
  26  2:17  SCV  
  27  2:22  Factory  
  27  2:23  Marine  
  27  2:29  SCV  
  29  2:41  Factory, Marine, SCV  
  29  2:44  Supply Depot  
  31  2:54  Orbital Command  
  31  3:05  Marine, Factory Tech Lab  
  32  3:19  SCV  
  33  3:23  Marine  
  34  3:28  Command Center  
  34  3:29  Factory Tech Lab  
  34  3:31  SCV  
  35  3:43  SCV  
  37  3:55  SCV  
  37  4:00  Barracks  
  37  4:07  SCV  
  37  4:08  Supply Depot  
  38  4:19  SCV  
  39  4:29  Siege Tank x2  
  45  4:32  Supply Depot, SCV  
  46  4:40  Marine, SCV  
  46  4:44  Supply Depot, SCV  
  49  4:52  SCV  
  50  4:56  SCV  
  51  5:01  Siege Tank x2  
  51  5:02  Marine  
  51  5:03  Barracks Tech Lab  
  51  5:04  SCV  
  59  5:08  SCV  
  60  5:16  SCV  
  60  5:20  Marine, SCV  
  60  5:21  Stimpack  
  63  5:22  Ghost Academy, Marine  
  63  5:24  Command Center  
  64  5:28  SCV  
  65  5:40  Marauder  
  67  5:45  Supply Depot  
  67  5:50  Marine  
  68  6:00  Ghost  
  71  6:11  Engineering Bay  
  71  6:17  Engineering Bay  
  71  6:26  Barracks  
  71  6:29  Ghost  
  71  6:31  Marine  
  75  6:35  Supply Depot  
  75  6:38  Refinery, Terran Infantry Weapons Level 1  
  75  6:45  Refinery  
  75  6:54  Barracks Tech Lab  
  75  6:55  Terran Infantry Armor Level 1  
  75  6:58  Marauder  
  75  7:00  SCV, Combat Shield  
  78  7:04  Command Center  
  78  7:08  SCV  
  78  7:10  SCV  
  78  7:12  Marine, SCV  
  78  7:13  Marauder  
  84  7:20  Marauder  
  86  7:28  Starport  
  86  7:31  Barracks Reactor  
  86  7:34  Marauder  
  88  7:41  Marauder  
  86  7:44  SCV  
  86  7:45  SCV x2  
  83  7:55  Marauder  
  83  7:57  SCV x2  
  80  8:00  SCV  
  80  8:02  Marauder  
  80  8:05  Medivac  
  58  8:07  Marine x2  
  47  8:16  Marine  
  40  8:25  Marine  
  34  8:30  SCV  
  34  8:40  SCV  
  35  8:48  SCV  
  31  8:54  Marine  
Tags
 
Add a new tag
Caveats
  • Supply blocks, unpowered buildings, or Contaminate may cause inaccurate times.
  • Supply counts are checked every 10 seconds.